 Dungeon Crawl Stone Soup version 0.23-a0-181-g24f899a (webtiles) character file.

9576 namelastname112 the Slicer (level 11, -3/95 HPs)
             Began as a Yellow Draconian Assassin on Sept 19, 2018.
             Was a Priest of Dithmenos.
             Slain by an orc warrior
             ... wielding a +0 short sword
              (6 damage)
             ... on level 11 of the Dungeon.
             The game lasted 00:27:39 (12942 turns).

namelastname112 the Slicer (DrAs)                  Turns: 12942, Time: 00:27:40

Health: -3/95      AC: 10    Str: 13    XL:     11   Next: 24%
Magic:  23/23      EV:  8    Int: 12    God:    Dithmenos [***...]
Gold:   495        SH:  3    Dex: 16    Spells: 10/10 levels left

rFire    + . .     SeeInvis .   o - +2 dagger (chaos)
rCold    . . .     Gourm    .   O - +0 buckler (curse)
rNeg     . . .     Faith    .   (armour unavailable)
rPois    .         Spirit   .   (helmet restricted)
rElec    .         Reflect  .   c - +0 cloak
rCorr    +         Harm     +   G - +0 pair of gloves
MR       +....                  m - +0 pair of boots
Stlth    ++........             n - amulet of harm
HPRegen  0.25/turn              K - ring of magical power
MPRegen  0.18/turn              B - -2 ring of evasion (curse)

@: wreathed by umbra, extremely drained
A: spit acid, acid resistance, unfitting armour, stinger 1, fire resistance 1,
magic resistance 1, cold-blooded, AC +7
a: Breathe Acid, Shadow Step, Renounce Religion


You were on level 11 of the Dungeon.
You worshipped Dithmenos.
Dithmenos was most pleased with you.
You were very hungry.

You visited 2 branches of the dungeon, and saw 12 of its levels.

You collected 607 gold pieces.
You spent 112 gold pieces at shops.

Inventory:

Hand Weapons
 b - a +1 blowgun
 l - a +3 dagger
 o - a +2 dagger of chaos (weapon)
 y - a +0 dagger of venom
 F - the +10 glaive "Grim" {chop, rC+ MR+ Stlth+}
   (You found it on level 9 of the Dungeon)

   It inflicts extra damage upon your enemies.
   It protects you from cold.
   It affects your resistance to hostile enchantments.
   It makes you more stealthy.
 L - the +6 longbow of Wu Jian {freeze, rPois rC+ Int-2 Stlth+}
   (You found it on level 9 of the Dungeon)

   It causes projectiles fired from it to freeze those they strike, causing
   extra injury to most foes and up to half again as much damage against
   particularly susceptible opponents.
   They can also slow down cold-blooded creatures.
   It affects your intelligence (-2).
   It protects you from cold.
   It protects you from poison.
   It makes you more stealthy.
Missiles
 d - 39 poisoned needles
 e - 2 curare-tipped needles
 H - 7 needles of sleeping
Armour
 c - a +0 cloak (worn)
 m - a +0 pair of boots (worn)
 G - a +0 pair of gloves (worn)
 O - a cursed +0 buckler (worn)
Magical Staves
 x - an uncursed staff of cold {unknown}
Jewellery
 a - an uncursed amulet of faith {unknown}
 n - an amulet of harm (around neck)
 s - an uncursed amulet of the gourmand {unknown}
 B - a cursed -2 ring of evasion (right hand)
 K - a ring of magical power (left hand)
Wands
 D - a wand of random effects (28)
 I - a wand of acid (8)
 J - a wand of flame (33)
Scrolls
 h - 2 scrolls of fear
 i - 4 scrolls of remove curse
 k - a scroll of enchant weapon
 t - 4 scrolls of teleportation
 C - 3 scrolls of magic mapping
 E - 2 scrolls of blinking
 M - 2 scrolls of identify
 N - a scroll of torment {unknown}
Potions
 g - 2 potions of mutation
 j - 3 potions of might
 p - 4 potions of agility
 q - a potion of magic
 r - 2 potions of lignification
 u - 7 potions of brilliance
 v - 5 potions of curing
 w - a potion of heal wounds
 z - 2 potions of ambrosia
 A - 2 potions of haste
 P - a potion of berserk rage {unknown}
Comestibles
 f - 19 rations


   Skills:
 + Level 8.6(0.0) Fighting
 + Level 10.2(0.9) Short Blades
 - Level 1.7(0.0) Throwing
 + Level 7.0(0.0) Dodging
 + Level 8.5(0.0) Stealth
 * Level 4.8(0.0) Shields
 + Level 4.1(0.0) Invocations


You had 10 spell levels left.
You didn't know any spells.
Your spell library contained the following spells:

 Spells                   Type           Power        Failure   Level  Hunger
 Confusing Touch          Hex            #.....       50%         1    ##.....
 Confuse                  Hex            #.......     86%         3    ####...
 Gell's Gravitas          Tloc           #.........   86%         3    ####...
 Petrify                  Tmut/Erth      #.......     99%         4    #####..
 Metabolic Englaciation   Hex/Ice        #.........   100%        5    ######.
 Yara's Violent Unravell  Hex/Tmut       #.........   100%        5    ######.


Dungeon Overview and Level Annotations

Branches:
Dungeon (11/15)            Temple (1/1) D:4            Lair (0/6) D:9
    Orc: D:9-12

Altars:
Ashenzari
Cheibriados
Dithmenos
Elyvilon
Fedhas
Gozag
Hepliaklqana
Kikubaaqudgha
Makhleb
Nemelex Xobeh
Okawaru
Qazlal
Ru
Sif Muna
Trog
Uskayaw
Vehumet
Wu Jian
Xom
Yredelemnul
Zin
The Shining One

Shops:
D:8 ?%!*(

Annotations:
D:4 Pikel
D:5 2 transporters, Oozefury's ghost, amateur DEFE
D:8 Harold
D:10 Tovarisch's ghost, novice OpFE
D:11 exclusion: hydra


Innate Abilities, Weirdness & Mutations

You can spit globs of acid.
You are resistant to acid.
Your golden yellow scales are hard. (AC +7)
You cannot fit into any form of body armour.
You are cold-blooded and may be slowed by cold attacks.
Your tail ends in a poisonous barb.
Your flesh is heat resistant. (rF+)
You are resistant to hostile enchantments. (MR+)


Message History

You are too injured to fight recklessly!
You are too injured to fight recklessly!
You are too injured to fight recklessly!
You are too injured to fight recklessly!
You barely miss the orc warrior.
The orc warrior is heavily wounded.
The orc warrior hits you with a short sword!!
* * * LOW HITPOINT WARNING * * *
You take 22 damage, and have 18/95 hp.
MASSIVE DAMAGE!!
You barely miss the orc warrior.
The orc warrior is severely wounded.
The orc warrior hits you with a short sword!
* * * LOW HITPOINT WARNING * * *
You take 16 damage, and have 2/95 hp.
The yak bellows!
You hit the orc warrior. You freeze the orc warrior.
Your tail-slap misses the orc warrior.
The orc warrior is severely wounded.
The orc warrior hits you with a short sword.
You die...

# ##...## #.# # ##'##
#>. ##.# #.# ### ##.#
#.# ...# ##.##
##.#######.h.##
...#..........#
##.#.####..(.###########
##Y#.....Y.YYYho@.......
......###.##############
##.#.## #.# ##.#.####.#
...#......# ###########


You could see 4 yaks, an orc warrior and a hound.

Vanquished Creatures
  A two-headed ogre (D:7)
  Psyche (D:10)
  A troll (D:10)
  2 hippogriffs (D:10)
  A spriggan (D:7)
  A wraith (D:8)
  15 yaks
  3 hungry ghosts
  A steam dragon (D:9)
  A soldier ant (D:11)
  A water moccasin (D:9)
  3 ice beasts
  2 black bears
  3 orc warriors
  2 phantoms
  2 sky beasts (D:6)
  4 slaves (D:4)
  7 ogres
  4 centaurs
  A wolf (shapeshifter) (D:10)
  Blork the orc (D:5)
  5 bullfrogs
  3 crimson imps
  2 quasits (D:10)
  2 orc priests
  A bullfrog zombie (D:5)
  8 hounds
  A gnoll shaman (D:6)
  4 jellies
  3 centaur skeletons
  15 orc wizards
  4 iguanas
  4 hell rats (D:8)
  14 worker ants
  A hound zombie (D:8)
  4 hound skeletons
  A worker ant zombie (D:9)
  8 gnolls
  10 adders
  7 river rats (D:8)
  A shadow imp (D:7)
  A worm (D:2)
  2 dart slugs
  2 leopard geckos
  30 orcs
  3 ball pythons
  7 bats
  5 giant cockroaches
  9 goblins
  3 hobgoblins
  10 jackals
  5 quokkas (D:8)
  6 frilled lizards
  4 kobolds
  21 rats
263 creatures vanquished.

Vanquished Creatures (others)
  A wyvern (D:10)
1 creature vanquished.

Grand Total: 264 creatures vanquished

Notes
Turn   | Place    | Note
-------+----------+-------------------------------------------
     0 | D:1      | namelastname112 the Draconian Assassin began the quest for
                  | the Orb.
     0 | D:1      | Reached XP level 1. HP: 17/17 MP: 1/1
     1 | D:1      | Found a hazy altar of Hepliaklqana.
    43 | D:1      | Reached skill level 1 in Dodging
   118 | D:1      | Reached XP level 2. HP: 20/25 MP: 2/2
   243 | D:1      | Found a shattered altar of Ashenzari.
   708 | D:2      | Reached XP level 3. HP: 17/30 MP: 3/3
  1071 | D:2      | Reached skill level 3 in Short Blades
  1227 | D:2      | Reached XP level 4. HP: 27/37 MP: 4/4
  2124 | D:3      | Reached XP level 5. HP: 40/45 MP: 5/5
  2648 | D:4      | Found a staircase to the Ecumenical Temple.
  2669 | D:4      | Reached skill level 4 in Short Blades
  2904 | D:4      | Reached XP level 6. HP: 51/51 MP: 6/6
  3079 | Temple   | Entered the Ecumenical Temple
  3186 | Temple   | Became a worshipper of Dithmenos the Shadowed
  3272 | D:4      | Noticed a slave
  3273 | D:4      | Noticed Pikel
  3273 | D:4      | Noticed a slave
  3275 | D:4      | Noticed a slave
  3276 | D:4      | Noticed a slave
  3283 | D:4      | epen: https://www.youtube.com/watch?v=SHvhps47Lmc
  3348 | D:4      | Killed a slave
  3559 | D:4      | Killed a slave
  3573 | D:4      | Killed a slave
  3761 | D:4      | Killed a slave
  4121 | D:5      | Entered Level 5 of the Dungeon
  4194 | D:5      | Found a transporter.
  4216 | D:5      | Found a transporter.
  4216 | D:5      | Noticed Oozefury's ghost (amateur DEFE)
  4286 | D:5      | Noticed Blork the orc
  4299 | D:5      | Killed Blork the orc
  4299 | D:5      | Reached skill level 5 in Short Blades
  4299 | D:5      | Your scales start taking on a golden yellow colour.
  4299 | D:5      | Reached XP level 7. HP: 46/59 MP: 7/7
  4303 | D:5      | Reached skill level 5 in Stealth
  4979 | D:5      | Reached skill level 6 in Short Blades
  4986 | D:5      | Reached skill level 5 in Fighting
  4986 | D:5      | Reached XP level 8. HP: 36/68 MP: 8/8
  5818 | D:6      | Reached * piety under Dithmenos
  5884 | D:6      | You fall through a shaft for 3 floors!
  5888 | D:9      | Reached skill level 7 in Short Blades
  5973 | D:9      | Got an encrusted glaive
  6018 | D:9      | DEFE: Такс такс такс
  6022 | D:9      | DEFE: кто тут у нас
  6022 | D:9      | Found a staircase to the Lair.
  6031 | D:9      | epen: Кто?
  6038 | D:9      | DEFE: солдатик
  6053 | D:8      | DEFE: бывший
  6179 | D:8      | Identified the +10 glaive "Grim" {chop, rC+ MR+ Stlth+}
                  | (You found it on level 9 of the Dungeon)
  6357 | D:8      | Found Dihoffyk's Weapon Emporium.
  6394 | D:8      | Found Jurhuf's Distillery.
  6399 | D:8      | Bought a potion of curing for 42 gold pieces
  6399 | D:8      | Bought a potion of heal wounds for 70 gold pieces
  6408 | D:8      | Gained mutation: Your flesh is heat resistant. (rF+)
                  | [potion of mutation]
  6408 | D:8      | Gained mutation: You are resistant to hostile enchantments.
                  | (MR+) [potion of mutation]
  6408 | D:8      | Gained mutation: Your tail ends in a poisonous barb.
                  | [potion of mutation]
  6410 | D:8      | Found Daskipn's General Store.
  6526 | D:8      | Reached XP level 9. HP: 75/75 MP: 9/9
  6794 | D:6      | Reached skill level 8 in Short Blades
  6818 | D:6      | Reached skill level 5 in Dodging
  7106 | D:7      | Noticed a two-headed ogre
  7167 | D:7      | Killed a two-headed ogre
  7783 | D:7      | Found a deep blue altar of Sif Muna.
  7877 | D:7      | Reached skill level 9 in Short Blades
  7992 | D:8      | Reached ** piety under Dithmenos
  8106 | D:8      | Found Nuim's Food Shoppe.
  8335 | D:8      | Noticed Harold
  8486 | D:8      | Reached XP level 10. HP: 49/86 MP: 10/10
  8875 | D:8      | Found Uttuxt's Magic Scroll Emporium.
  9300 | D:9      | Got a crude longbow
  9305 | D:9      | Identified the +6 longbow of Wu Jian {freeze, rPois rC+
                  | Int-2 Stlth+} (You found it on level 9 of the Dungeon)
  9503 | D:9      | Reached skill level 1 in Invocations
  9875 | D:9      | Reached skill level 1 in Shields
 10148 | D:9      | Reached *** piety under Dithmenos
 10342 | D:10     | Entered Level 10 of the Dungeon
 10446 | D:10     | Found a runed door.
 10784 | D:10     | Reached skill level 10 in Short Blades
 11179 | D:10     | Reached XP level 11. HP: 80/95 MP: 13/13
 11194 | D:10     | Noticed Psyche
 11202 | D:10     | Killed Psyche
 12180 | D:10     | Noticed Tovarisch's ghost (novice OpFE)
 12772 | D:11     | Noticed a seven-headed hydra
 12941 | D:11     | HP: 2/95 [orc warrior/short sword (16)]
 12942 | D:11     | Slain by an orc warrior

Vault maps used:
D:1:      sevenhm_arrival_forest_fort_small_6, evilmike_ruin_ashenzari
D:2:      kennysheep_generic_room_15
D:3:      first_ration
D:4:      minmay_temple_entry_large_hall, uniq_pikel
D:5:      gammafunk_ghost_arena, portal_sewer_entry_e, uniq_blork_the_orc
D:7:      tgw_sif, the_bakery
D:8:      lemuel_ratsnest, serial_shops, shop, shop, kennysheep_little_box,
          nicolae_shop_stone, shop, uniq_harold
D:9:      lair_entry_dummy
D:10:     ebering_ghost_reflecting_pool, uniq_psyche
D:11:     portal_ice_cave_entry_imps, uniq_sonja
Temple:   kilobyte_greek_temple

Skill      XL: |  1  2  3  4  5  6  7  8  9 10 11 |
---------------+----------------------------------+-----
Dodging        | 1 2 3 4 5 6 7 |  7.0
Short Blades   | 3 4 5 6 7 9 10 | 10.2
Stealth        | 4 5 6 7 8 |  8.5
Fighting       | 3 4 5 6 7 8 |  8.6
Invocations    | 3 4 |  4.1
Shields        | 3 4 |  4.8
Throwing       | |  1.7

Action                   |  1- 3 |  4- 6 |  7- 9 | 10-12 || total
-------------------------+-------+-------+-------+-------++-------
Melee: Dagger            |   113 |   264 |   422 |   558 ||  1357
       Tailslap          |     7 |    44 |    82 |    90 ||   223
       Unarmed           |       |       |     3 |       ||     3
       Glaive            |       |       |       |     7 ||     7
Throw: Throwing net      |       |       |       |     1 ||     1
 Abil: Breathe Acid      |       |       |    18 |    12 ||    30
Evoke: Wand              |       |       |     2 |       ||     2
  Use: Scroll            |       |    11 |     7 |     4 ||    22
       Potion            |       |       |     3 |     1 ||     4
 Stab: Sleeping          |     5 |    14 |    14 |    14 ||    47
       Held in net/web   |       |       |       |     1 ||     1
       Petrifying        |       |       |       |     1 ||     1
       Paralysed         |       |       |       |     1 ||     1
  Eat: Chunk             |     1 |     6 |     7 |     7 ||    21
       Ration            |       |     1 |     3 |     3 ||     7
Armor: Skin              |    31 |    59 |    58 |   107 ||   255
Dodge: Dodged            |    66 |   143 |   208 |   264 ||   681
Block: Buckler           |       |       |       |    53 ||    53

Table legend:
 A = Non-vault XP
 B = Vault XP
 C = Vault XP percentage of total XP
 D = Non-vault monster count
 E = Vault monster count
 F = Vault count percentage of total count
                 A         B        C        D         E       F
            +---------+---------+-------+---------+---------+-------
      Total |   12402 |    1279 |   9.3 |     224 |      36 |  13.8
            +---------+---------+-------+---------+---------+-------
        D:1 |      31 |       0 |   0.0 |      19 |       0 |   0.0
        D:2 |     116 |       0 |   0.0 |      18 |       0 |   0.0
        D:3 |     110 |       0 |   0.0 |      20 |       0 |   0.0
        D:4 |     330 |       0 |   0.0 |      22 |       0 |   0.0
        D:5 |     827 |      99 |  10.7 |      14 |       1 |   6.7
        D:6 |     856 |       0 |   0.0 |      29 |       0 |   0.0
        D:7 |    1492 |     255 |  14.6 |      14 |       2 |  12.5
        D:8 |     856 |     486 |  36.2 |      16 |      32 |  66.7
        D:9 |    2974 |       0 |   0.0 |      36 |       0 |   0.0
       D:10 |    4601 |     439 |   8.7 |      34 |       1 |   2.9
       D:11 |     209 |       0 |   0.0 |       2 |       0 |   0.0
            +---------+---------+-------+---------+---------+-------
